 Dungeon Crawl Stone Soup version 0.20.1-1-g8b1a95d (webtiles) character file.

655 HammerPanzer the Cudgeler (level 7, -2/56 HPs)
             Began as a Demonspawn Berserker on Oct 29, 2017.
             Was a Priest of Trog.
             Slain by an ogre
             ... wielding a +0 giant spiked club
              (17 damage)
             ... on level 4 of the Dungeon.
             The game lasted 00:09:38 (3084 turns).

HammerPanzer the Cudgeler (Demonspawn Berserker)    Turns: 3084, Time: 00:09:39

Health: -2/56      AC: 10    Str: 19    XL:     7   Next: 29%
Magic:  7/7        EV:  6    Int:  8    God:    Trog [***...]
Gold:   194        SH:  7    Dex: 13    Spells: 6/6 levels left

rFire    . . .     SeeInvis .   k - +1 flail
rCold    + . .     Gourm    .   q - +0 shield
rNeg     . . .     Faith    .   x - +0 chain mail
rPois    .         Spirit   .   g - +0 helmet
rElec    .         Reflect  .   (no cloak)
rCorr    .         Harm     .   (no gloves)
MR       .....                  w - +0 pair of boots
Stlth    ..........             (no amulet)
Regen    0.2/turn               h - ring of protection from cold
MPRegen  0.1/turn               (no ring)

@: no status effects
A: claws 2, nightstalker 1, sturdy frame 1
a: Berserk, Trog's Hand, Burn Spellbooks, Renounce Religion


You were on level 4 of the Dungeon.
You worshipped Trog.
Trog was most pleased with you.
You were not hungry.

You visited 1 branch of the dungeon, and saw 6 of its levels.

You collected 194 gold pieces.

Inventory:

Hand Weapons
 k - a +1 flail (weapon)
Missiles
 d - 10 poisoned needles (quivered)
Armour
 g - a +0 helmet (worn)
 q - a +0 shield (worn)
 w - a +0 pair of boots (worn)
 x - a +0 chain mail (worn)
Jewellery
 a - an uncursed ring of ice {unknown}
 h - a ring of protection from cold (left claw)
Wands
 u - a wand of flame (31/48)
 v - a wand of paralysis (13/24)
Scrolls
 e - a scroll of teleportation
 m - a scroll of magic mapping
 n - a scroll of enchant weapon
 o - 3 scrolls of remove curse
Potions
 b - 2 potions of curing
 f - a potion of mutation
 i - a potion of magic
 j - a potion of lignification {unknown}
 l - a potion of degeneration {unknown}
 p - a potion of ambrosia {unknown}
 s - a potion of cancellation {unknown}
Comestibles
 c - 3 bread rations
 r - 3 fruits
 z - 4 chunks of flesh


   Skills:
 + Level 5.2 Fighting
 * Level 6.7 Maces & Flails
 - Level 1.7 Armour
 - Level 1.7 Dodging


You had 6 spell levels left.
You didn't know any spells.

Dungeon Overview and Level Annotations

Branches:
Dungeon (6/15)
 Temple: D:4-7

Altars:
Trog


Innate Abilities, Weirdness & Mutations

You have very sharp fingernails.
You are slightly more attuned to the shadows.
Your movements are slightly less encumbered by armour. (ER -2)


Message History

You see here a worm corpse.
You butcher the worm corpse.
z - 4 chunks of flesh (gained 3)
Found a ring mail.
An ogre comes into view. It is wielding a giant spiked club.
The ogre shouts!
You block the ogre's attack.
You sock the ogre!
The ogre is moderately wounded.
You completely miss the ogre.
The ogre is moderately wounded.
The ogre hits you with a giant spiked club!!
You completely miss the ogre.
The ogre is moderately wounded.
The ogre hits you with a giant spiked club!!
* * * LOW HITPOINT WARNING * * *
You hit the ogre.
The ogre is moderately wounded.
The ogre hits you with a giant spiked club!
You die...

#.# #.# #.# ##.#######
#........#
##########..#####.#
.....#.....## #.#
#.#.#O#.###..## #.#
#.[..@..# #...# #.#
#.#.#.#.###...###.####
.....#.....#.#.....#.
#....######..........#.
..### ##.#.#.##..#. .
##+###.##..#.
##...##.##....
##.....#.###.#.
##........# #.#.


You could see an ogre.

Vanquished Creatures
  Sigmund (D:3)
  3 eyes of draining (D:3)
  A jelly (D:4)
  An orc wizard (D:4)
  Robin (D:2)
  3 gnolls
  4 adders
  A worm (D:4)
  8 dart slugs
  2 leopard geckos (D:5)
  7 orcs
  5 giant cockroaches
  17 goblins
  11 hobgoblins
  3 jackals (D:2)
  9 kobolds
  A quokka (D:2)
  5 bats
  A frilled lizard (D:3)
  7 rats
91 creatures vanquished.

Notes
Turn   | Place    | Note
-------+----------+-------------------------------------------
     0 | D:1      | HammerPanzer the Demonspawn Berserker began the quest for the Orb.
     0 | D:1      | Reached XP level 1. HP: 18/18 MP: 1/1
   105 | D:1      | Reached skill level 3 in Maces & Flails
   164 | D:1      | Gained mutation: You have sharp fingernails. [demonic ancestry]
   164 | D:1      | Reached XP level 2. HP: 21/24 MP: 2/2
   351 | D:1      | Gained mutation: You are slightly more attuned to the shadows. [demonic ancestry]
   351 | D:1      | Reached XP level 3. HP: 24/29 MP: 3/3
   719 | D:2      | Noticed Robin
   733 | D:2      | Reached ** piety under Trog
   741 | D:1      | Reached skill level 4 in Maces & Flails
   775 | D:2      | Killed Robin
   779 | D:2      | Gained mutation: You have very sharp fingernails. [demonic ancestry]
   779 | D:2      | Reached XP level 4. HP: 35/35 MP: 4/4
  1791 | D:3      | Gained mutation: Your movements are slightly less encumbered by armour. (ER -2) [demonic ancestry]
  1791 | D:3      | Reached XP level 5. HP: 42/42 MP: 5/5
  1970 | D:3      | Noticed Sigmund
  1982 | D:3      | Killed Sigmund
  1982 | D:3      | Reached skill level 5 in Maces & Flails
  1982 | D:3      | Reached XP level 6. HP: 44/49 MP: 6/6
  2229 | D:3      | Reached *** piety under Trog
  2368 | D:3      | Reached skill level 5 in Fighting
  2368 | D:3      | Reached skill level 6 in Maces & Flails
  2390 | D:3      | Reached XP level 7. HP: 56/56 MP: 0/7
  2399 | D:3      | Found a bloodstained altar of Trog.
  2860 | D:5      | Entered Level 5 of the Dungeon
  3084 | D:4      | Slain by an ogre

Skill      XL: |  1  2  3  4  5  6 |
---------------+-------------------+-----
Maces & Flails | 3 4 5 6 |  6.7
Fighting       | 4 5 |  5.2
Armour         | |  1.7
Dodging        | |  1.7

Action                   |  1- 3 |  4- 6 |  7- 9 || total
-------------------------+-------+-------+-------++-------
Melee: Mace              |    29 |       |       ||    29
       Flail             |    65 |   141 |    37 ||   243
Invok: Berserk           |     2 |     3 |     1 ||     6
  Use: Scroll            |       |       |    10 ||    10
 Stab: Sleeping          |       |     2 |       ||     2
  Eat: Chunk             |       |     8 |     4 ||    12
       Fruit             |       |     1 |       ||     1
Armor: Animal skin       |     7 |       |       ||     7
       Ring mail         |    24 |    27 |       ||    51
       Chain mail        |       |    17 |    21 ||    38
Dodge: Dodged            |    84 |    44 |     5 ||   133
Block: Shield            |       |    22 |    15 ||    37
